Unix NetHack Version 5.0.0-0 post-release - last build May  4 2026 22:22:43 (774f63e81ad911689b3a0859ea89b322d5daca8d,branch:main).

Game began 2026-05-06 09:47:01, ended 2026-05-06 10:18:36.

2460080212, lawful female human Valkyrie

                   ---
              --- --.--
             --.- |)..|
             |... |).--
             --..-|.------
              |...|......--
              --...-----*.|
               |...------.-
               ---..)))).@a
                 -----....-

2460080212 the Skirmisher   St:18/01 Dx:11 Co:16 In:12 Wi:9 Ch:7  Lawful
Dlvl:5  $:152 HP:0(50) Pw:9(9) AC:6  Xp:5 T:1842 

Latest messages:
 The gnome thrusts one of his daggers.  The gnome hits!
 You miss the gnome.  The gnome thrusts one of his daggers.
 The gnome hits!
 You kill the gnome!
 There is a gnome corpse here; eat it? [ynq] (n) y
 This gnome corpse tastes okay.  You hear crashing rock.  It is hit.
 It is destroyed!  An arrow misses you.  You stop eating the gnome corpse.
 You catch the arrow! m - an arrow.
 You are hit by an arrow!
 A trap door opens up under you!
 You are hit by a dagger.
 A dagger misses you.
 You are hit by a dagger.
 You are hit by a dagger.
 You don't have anything to drink.
 You are hit by a dagger.
 The gnome thrusts one of her daggers.  The gnome hits!
 You kill the gnome!
 You see here 3 daggers.
 You see here a dagger.
 Restoring save file...
 Velkommen 2460080212, the human Valkyrie, welcome back to NetHack!
 You see here 3 daggers.
 You swap places with the peaceful hobbit.
 You miss the gnome.
 The gnome hits!
 You kill the gnome!
 Welcome to experience level 5.
 The giant beetle bites!
 You miss the giant beetle.
 You miss the giant beetle.
 The giant beetle bites!
 You miss the giant beetle.
 You miss the giant beetle.
 You hit the giant beetle!
 You miss the giant beetle.
 The giant beetle bites!
 You die...
 Do you want your possessions identified? [ynq] (y) n
 Do you want to see your attributes? [ynq] (y) n
 Do you want an account of creatures vanquished? [ynaq] (y) n
 Do you want to see your conduct and achievements? [ynq] (y) n
 Do you want to see the dungeon overview? [ynq] (y) n

Inventory:
 Coins    ('$')
  $ - 152 gold pieces
 Weapons  (')')
  m - a +0 arrow
  b - 4 +0 daggers (alternate weapons; not wielded)
  a - a +1 spear (weapon in left hand)
 Armor    ('[')
  c - an uncursed +3 small shield (being worn)
  g - an uncursed +0 scale mail
 Scrolls  ('?')
  i - an uncursed scroll of remove curse
 Tools    ('(')
  k - an uncursed leash
  l - an uncursed leash

2460080212 the Valkyrie's attributes:

Background:
 You were a Skirmisher, a level 5 human Valkyrie.
 You were lawful, nominally on a mission for Tyr
 who was opposed by Odin (neutral) and Loki (chaotic).
 You were left-handed.
 You were in the Gnomish Mines, on level 5.
 You entered the dungeon 1842 turns ago.
 You had 162 experience points, 158 more were needed to attain level 6.

Basics:
 You had 0 out of 50 hit points.
 You had all 9 energy points (spell power).
 Your armor class was 6.
 Your wallet contained 152 zorkmids.
 Autopickup was off.

Final Characteristics:
 Your strength was 18/01 (limit:18/100).
 Your dexterity was 11 (limit:18).
 Your constitution was 16 (limit:18).
 Your intelligence was 12 (limit:18).
 Your wisdom was 9 (limit:18).
 Your charisma was 7 (limit:18).

Final Status:
 You weren't hungry.
 You were unencumbered.
 You were wielding a spear.
 You had basic skill with spear.

Final Attributes:
 You were devoutly aligned.
 You were cold resistant.
 You were telepathic.
 You were stealthy.
 You are dead.

Miscellaneous:
 You encountered 1 bones level.
 Total elapsed playing time was 30 minutes and 34 seconds.

Major events:
 Turn
    1: 2460080212 the lawful human Valkyrie entered the dungeon
  782: entered the Gnomish Mines
  831: attained the rank of Skirmisher (level 3)
 1842: killed by a giant beetle

You didn't know any spells.

Skills:
 Fighting Skills
   bare handed combat [Unskilled]
   two weapon combat  [Unskilled]
   riding             [Unskilled]
 Weapon Skills
   dagger             [Basic]
   axe                [Unskilled]
   pick-axe           [Unskilled]
   short sword        [Unskilled]
   broadsword         [Unskilled]
   long sword         [Unskilled]
   two-handed sword   [Unskilled]
   saber              [Unskilled]
   hammer             [Unskilled]
   quarterstaff       [Unskilled]
   polearms           [Unskilled]
   spear              [Basic]
   trident            [Unskilled]
   lance              [Unskilled]
   sling              [Unskilled]
 Spellcasting Skills
   attack spells      [Unskilled]
   escape spells      [Unskilled]

Voluntary challenges:
 Character rerolling was not enabled.
 You were an atheist.
 You never genocided any monsters.
 You never polymorphed an object.
 You never changed form.
 You used no wishes.
Achievements:
 You entered a shop.
 You entered the Gnomish Mines.
 You attained the rank of Skirmisher.

 The Dungeons of Doom: levels 1 to 2
    Level 1:
       A fountain.
    Level 2:
       A general store.
       Stairs down to The Gnomish Mines.
 The Gnomish Mines: levels 3 to 5
    Level 3:
    Level 4:
    Level 5: <- You were here.
       Final resting place for
          you, killed by a giant beetle,
          flandre-Sam-Hum-Fem-Law, killed by a giant spider.


Vanquished creatures:
  2 gnome leaders
  2 kittens
  a kobold leader
  a giant bat
  a cave spider
 17 gnomes
  a garter snake
  3 jackals
  a fox
  a goblin
  2 grid bugs
  2 lichens
  a kobold zombie
  2 newts
37 creatures vanquished.

No species were genocided or became extinct.

Game over:
                       ----------
                      /          \
                     /    REST    \
                    /      IN      \
                   /     PEACE      \
                  /                  \
                  |    2460080212    |
                  |      152 Au      |
                  |   killed by a    |
                  |   giant beetle   |
                  |                  |
                  |                  |
                  |       2026       |
                 *|     *  *  *      | *
        _________)/\\_//(\/(/\)/\//\/|_)_______

Farvel 2460080212 the Valkyrie...

You died in The Gnomish Mines on dungeon level 5 with 985 points,
and 152 pieces of gold, after 1842 moves.
You were level 5 with a maximum of 50 hit points when you died.

